AoeStats
← Vykostovac

Black Forest

508907570Analyzed
2v2 RM · 7d ago on Sep 24, 2026· 50m 36s· 4 players
Game mode
Random Map
Map size
Medium (4 player)
Population
200
Speed
Normal
Resources
Standard
Victory
Conquest
Starting age
Dark Age
Ending age
Imperial Age
RankedLock teamsTeams togetherTeam positionsShared explorationLock speedFull tech treeHidden civsTurbo modeCheats
Victory
Defeat
🇩🇪 Vikings · Germany
873
+14
🇩🇪 Magyars · Germany
872
+14
🇨🇿 Turks · Czechia
834
-14
🇨🇿 Malians · Czechia
827
-14
Teoldis
0:48 Loom
15:01 Feudal Age
16:33 Double-Bit Axe
19:34 Wheelbarrow
21:19 Castle Age
19:19 Fishing Lines
22:31 Wheelbarrow
22:06 Gillnets
26:41 Town Watch
30:35 Fervor
31:06 Gold Mining
30:59 Horse Collar
31:40 Hand Cart
32:11 Husbandry
32:21 Bloodlines
33:23 Town Patrol
33:37 Forging
33:22 Fletching
33:23 Light Cavalry
35:14 Gold Shaft Mining
34:33 Stone Mining
35:20 Iron Casting
39:01 Imperial Age
36:40 Heavy Plow
37:28 Stone Shaft Mining
37:02 Scale Barding Armor
37:27 Arson
37:43 Squires
40:01 Masonry
41:25 Cavalier
46:04 Conscription
45:48 Farimba
47:47 Conscription
50:49 Tigui
Vykostovac
0:34 Loom
12:56 Feudal Age
14:34 Double-Bit Axe
18:30 Fishing Lines
19:45 Town Watch
20:42 Wheelbarrow
22:45 Castle Age
20:46 Gold Mining
24:32 Bow Saw
24:48 Gillnets
25:34 Stone Mining
26:30 Caravan
31:17 Imperial Age
29:58 Gold Shaft Mining
29:27 Padded Archer Armor
30:22 Fortified Wall
30:25 Treadmill Crane
32:38 Elite Janissary
35:46 Artillery
37:21 Elite Janissary
38:23 Conscription
40:06 Hoardings
ACIN
10:36 Loom
12:21 Feudal Age
16:36 Castle Age
14:23 Double-Bit Axe
14:40 Horse Collar
16:34 Wheelbarrow
18:17 Heavy Plow
18:32 Bow Saw
24:18 Hand Cart
23:53 Town Watch
27:34 Ballistics
27:10 Murder Holes
27:26 Masonry
26:45 Light Cavalry
28:11 Husbandry
31:15 Bloodlines
31:13 Scale Barding Armor
32:52 Chain Barding Armor
33:18 Padded Archer Armor
33:09 Fletching
36:11 Imperial Age
37:51 Bodkin Arrow
38:12 Leather Archer Armor
37:24 Capped Ram
38:23 Heavy Cavalry Archer
39:29 Parthian Tactics
39:09 Thumb Ring
40:42 Hussar
42:00 Plate Barding Armor
41:56 Ring Archer Armor
41:29 Bracer
Razakel42
7:33 Loom
11:17 Feudal Age
13:50 Man-at-Arms
15:05 Fletching
15:39 Double-Bit Axe
21:12 Castle Age
19:40 Stone Mining
19:41 Gold Mining
20:02 Padded Archer Armor
22:09 Crossbowman
23:36 Bow Saw
27:53 Bodkin Arrow
28:08 Forging
27:59 Scale Mail Armor
28:15 Leather Archer Armor
30:46 Chieftains
32:19 Ballistics
36:09 Imperial Age
36:18 Iron Casting
35:49 Scale Barding Armor
36:00 Chain Mail Armor
36:33 Guard Tower
36:34 Heated Shot
36:27 Treadmill Crane
37:00 Masonry
36:54 Elite Berserk
38:44 Bogsveigar
38:28 Arbalester
38:30 Elite Skirmisher
40:32 Two-Man Saw
39:16 Horse Collar
Connection lost

Rejoining the realm…

Still unreachable

The connection could not be restored.

Session expired

The server has moved on; the page needs a fresh start.